[Event "44th Chess Olympiad Women 2022"]
[Site "Chennai"]
[Date "2022.07.29"]
[Round "1.51"]
[White "San Diego, Marie Antoinette"]
[Black "O`Gorman, Alice"]
[Result "0-1"]
[ECO "C55"]
[WhiteElo "2101"]
[BlackElo "2043"]
[Annotator "TA"]
[PlyCount "48"]
[EventDate "2022.07.29"]
[EventType "team-tourn"]
[EventCountry "IND"]
[SourceTitle "playchess.com"]
[Source "ChessBase"]
[SourceQuality "1"]
[WhiteTeam "Philippines"]
[BlackTeam "Ireland"]
[WhiteTeamCountry "PHI"]
[BlackTeamCountry "IRL"]
[TimeControl "40/5400+30:1800+30"]

1. e4 e5 2. Nf3 Nf6 3. Nc3 Nc6 4. Bc4 Nxe4 5. Nxe4 d5 6. d3 $2 (6. Bd3 $1 $11) 6... dxc4 $19 {[%emt 0:00:43] C55: Two Knights: 4 d3, 4 d4 exd4 5 e5 and Max Lange Attack.} 7. O-O cxd3 8. cxd3 Bg4 {[%emt 0:01:24] [#] Black is clearly better.} 9. Re1 $146 {[%emt 0:00:58][%cal Of3e5] [#] Threatens to win with Nxe5!} ({Predecessor:} 9. h3 Bh5 10. g4 Bg6 11. Bg5 f6 12. Bh4 Bxe4 13. dxe4 Be7 14. Qb3 b6 15. Rad1 {0-1 (54) Madlenak,M (1000)-Gay,L (1211) Lubovna 2020}) 9... Be7 (9... Qd7 $19 10. h3 Bxf3 11. Qxf3 O-O-O) 10. Qb3 (10. h3 $17 {was called for.} Bxf3 11. Qxf3) 10... Bxf3 11. gxf3 Nd4 12. Qa4+ c6 13. Re3 (13. Qd1 {was worth a try.}) 13... f5 14. Nd2 O-O 15. Rxe5 Bg5 16. Kf1 Bxd2 17. Bxd2 $2 (17. Qc4+ Kh8 18. Bxd2) 17... Nxf3 (17... b5 $142 18. Qa5 Qh4) 18. Qf4 (18. Qc4+ Kh8 19. Bc3) 18... Nxe5 19. Qxe5 Qxd3+ 20. Qe2 Qh3+ 21. Kg1 Rf6 {[%emt 0:00:15] ( -> ...Rg6+)} 22. Kh1 Rd8 {[%emt 0:02:07][%cal Od8d2] White must now prevent ...Rxd2!} 23. Bg5 {[%emt 0:01:10] [#]} Rg6 24. Bxd8 (24. Rg1 Qd3) 24... Qg2# {[%emt 0:00:10] Black took control after the opening.  Weighted Error Value: White=1.56/Black=0.68} 0-1

[Event "44th Chess Olympiad Women 2022"]
[Site "Chennai"]
[Date "2022.07.29"]
[Round "1.52"]
[White "Foudzi, Siti Zulaikha"]
[Black "Nosimilo, Mkhonto"]
[Result "1-0"]
[ECO "C65"]
[WhiteElo "2188"]
[BlackElo "1313"]
[Annotator "TA"]
[PlyCount "74"]
[EventDate "2022.07.29"]
[EventType "team-tourn"]
[EventCountry "IND"]
[SourceTitle "playchess.com"]
[Source "ChessBase"]
[SourceQuality "1"]
[WhiteTeam "Malaysia"]
[BlackTeam "SWZ"]
[WhiteTeamCountry "MAS"]
[TimeControl "40/5400+30:1800+30"]

1. e4 e5 2. Nf3 Nc6 3. Bb5 d6 4. h3 Bd7 5. c3 Nf6 6. Qe2 Be7 7. O-O O-O (7... a6 $5 8. Ba4 O-O $11) 8. d4 {[%emt 0:01:27] C65: Ruy Lopez: Berlin Defence (3...Nf6), unusual lines and 4 0-0 Bc5.} a6 9. Bc4 Qc8 {[%emt 0:04:18] [#]} 10. Kh2 $146 (10. Re1 $11) ({Predecessor:} 10. Rd1 Na7 11. dxe5 dxe5 12. Nxe5 Bd6 13. Nxf7 Rxf7 14. e5 Be6 15. exd6 Bxc4 16. Qxc4 {1-0 (29) Miyoshi,E (2115)-Farias,S (1534) Sao Paulo 2013}) 10... Bd8 (10... Re8 $5 ) 11. Re1 Re8 12. Nbd2 b5 13. Bb3 Nh5 $2 {[%emt 0:04:06] [#]} ({Black should play} 13... exd4 $11 14. cxd4 Na5) 14. Nf1 (14. Nxe5 $1 $16 Nf4 15. Bxf7+ Kh8 {[#]} 16. Bxe8 $1 Bxe8 17. Nf7+ $1 Bxf7 18. Qf3) 14... Na5 {[%emt 0:07:33] [#]} ({Better is} 14... Nf6 $14) 15. Nxe5 $1 $16 {[%emt 0:06:48] Black is on the road to losing.} dxe5 16. Qxh5 Nxb3 17. axb3 Bf6 18. d5 {[%emt 0:07:32] White is more active.} (18. Bg5 {feels hotter.} Qd8 19. Bxf6 Qxf6 20. Kg1) 18... g6 19. Qe2 c6 20. c4 cxd5 21. cxd5 Qc5 22. Be3 Qb4 23. Qd3 Rec8 24. Rec1 Rxc1 25. Rxc1 ({Don't do} 25. Bxc1 $6 Qe1 $16) 25... Rc8 26. Ra1 Ra8 27. Nd2 Qe7 (27... a5 {is a better defense.} 28. Rc1 Qd6) 28. d6 $18 Qf8 29. b4 {[%emt 0:00:17] Strongly threatening Nb3.} Kg7 $2 (29... Be6 30. Rc1 h5) 30. Nb3 {[%emt 0:00:56] White is clearly winning.} Qe8 31. Nc5 Qc8 32. Rc1 Qd8 (32... Kg8 $142 33. Nxd7 Qxd7) 33. Qd5 Rc8 34. Nxd7 Qxd7 35. Rxc8 Qxc8 36. d7 Qc7 37. Bc5 {[%emt 0:00:20] aiming for Bd6.} Kh6 {[%emt 0:01:39] Weighted Error Value: White=0.19 (very precise) /Black=0.41} 1-0

[Event "44th Chess Olympiad Women 2022"]
[Site "Chennai"]
[Date "2022.07.29"]
[Round "1.52"]
[White "Nomcebo, Sibisi"]
[Black "Azhar, Puteri Munajjah Az-Z"]
[Result "0-1"]
[WhiteElo "1225"]
[BlackElo "2018"]
[Annotator "TA"]
[PlyCount "47"]
[EventDate "2022.07.29"]
[EventType "team-tourn"]
[EventCountry "IND"]
[SourceTitle "playchess.com"]
[Source "ChessBase"]
[SourceQuality "1"]
[WhiteTeam "SWZ"]
[BlackTeam "Malaysia"]
[BlackTeamCountry "MAS"]
[TimeControl "40/5400+30:1800+30"]

1. d4 Nf6 2. Nf3 d6 3. g3 g6 4. Bg2 Bg7 5. O-O O-O 6. b3 c6 7. Bb2 Qc7 8. c4 Nbd7 9. Nbd2 Re8 10. Rc1 e5 {[%emt 0:01:43][%mdl 32768] [#] Loss on time!?} {Predecessor:} 11. Re1 $146 {A49: 1 d4 Nf6 2 Nf3 g6 3 g3: Anti-King's Indian systems.} h6 12. e4 Nf8 13. c5 N6d7 14. cxd6 Qxd6 15. Nc4 Qc7 16. dxe5 Nxe5 17. Nfxe5 Bxe5 18. Nxe5 Rxe5 19. Qd4 f6 20. f4 Re6 21. Bf1 Rd6 22. Qc3 Kh7 23. e5 fxe5 24. Qxe5 {1-0 (24) Issani,N (2070)-Isha,S (2276) Chess.com INT 2020} 0-1

[Event "44th Chess Olympiad Women 2022"]
[Site "Chennai"]
[Date "2022.07.29"]
[Round "1.52"]
[White "Dlamini, Nosipho"]
[Black "Sim, Jia Ru"]
[Result "0-1"]
[WhiteElo "1081"]
[BlackElo "2005"]
[Annotator "TA"]
[PlyCount "28"]
[EventDate "2022.07.29"]
[EventType "team-tourn"]
[EventCountry "IND"]
[SourceTitle "playchess.com"]
[Source "ChessBase"]
[SourceQuality "1"]
[WhiteTeam "SWZ"]
[BlackTeam "Malaysia"]
[BlackTeamCountry "MAS"]
[TimeControl "40/5400+30:1800+30"]

1. e4 c5 2. Nf3 e6 3. Nc3 Nc6 4. Bb5 Nd4 5. Nxd4 cxd4 6. Ne2 Qg5 $1 7. Nxd4 {[%emt 0:05:17] [#] B30: Sicilian: 2...Nc6 3 Bb5, lines without ...g6.} {Predecessor:} Qc5 $146 8. c3 e5 9. Qa4 exd4 10. O-O a6 11. Be2 Nf6 12. Re1 Be7 13. cxd4 Qb4 14. Qxb4 Bxb4 {0-1 (27) Moiseenko,V (2541)-Grachev,B (2611) Tuapse 2021} 0-1

[Event "44th Chess Olympiad Women 2022"]
[Site "Chennai"]
[Date "2022.07.29"]
[Round "1.53"]
[White "Acham, Meritza"]
[Black "Petricenco, Ana"]
[Result "0-1"]
[ECO "D02"]
[WhiteElo "1397"]
[BlackElo "1912"]
[Annotator "TA"]
[PlyCount "88"]
[EventDate "2022.07.29"]
[EventType "team-tourn"]
[EventCountry "IND"]
[SourceTitle "playchess.com"]
[Source "ChessBase"]
[SourceQuality "1"]
[WhiteTeam "Mauritius"]
[BlackTeam "Moldova"]
[WhiteTeamCountry "MRI"]
[BlackTeamCountry "MDA"]
[TimeControl "40/5400+30:1800+30"]

1. d4 d5 2. Bf4 c5 3. e3 Nc6 4. Nf3 Nf6 5. c3 Qb6 6. Qc1 Bf5 7. Be2 e6 {[%emt 0:01:07] D02: 1 d4 d5 2 Nf3 sidelines, including 2...Nf6 3 g3 and 2...Nf6 3 Bf4.} 8. Nh4 Bg6 9. Nxg6 hxg6 {[%emt 0:00:06] [#] The position is equal.} 10. O-O $146 ({Better is} 10. h3 $11) ({Predecessor:} 10. h3 Be7 11. Nd2 cxd4 12. exd4 Rc8 13. Nf3 Ne4 14. O-O g5 15. Bh2 Bf6 16. Rd1 {0-1 (30) Motorin,A (1907)-Denishev,M (2028) Obninsk 2009}) 10... Rc8 (10... g5 $1 $15 11. Bxg5 Bd6) 11. Nd2 Be7 12. Rb1 Qd8 13. Qc2 (13. dxc5 $11 {remains equal.} Bxc5 14. h3) 13... cxd4 $1 $17 14. exd4 {[%emt 0:03:48] [#]} Nxd4 15. Qa4+ Nc6 16. Bb5 a6 17. Bxc6+ Rxc6 18. Nf3 b5 19. Qc2 Rc4 20. Be3 (20. Be5 $17 {is a better defense.}) 20... Bd6 (20... Ng4 $1 $19 {[%cal Rg4h2] Hoping for ...Nxh2!} 21. h3 Nxe3 22. fxe3 O-O) 21. Bd4 {[%emt 0:03:00] [#]} (21. h3 $17) 21... Qb8 (21... Bxh2+ $1 $19 22. Nxh2 Qc7) 22. g3 O-O 23. Rbe1 {[%emt 0:03:01] Prevents e5.} Ne4 24. Nh4 (24. Qd3 $17) 24... Ng5 25. f4 Ne4 26. Nf3 Rfc8 27. Nd2 $2 {[%emt 0:02:08] This move loses the game for White.} (27. Qd3 $17) 27... Rxd4 $19 28. Nxe4 Rxe4 29. Rxe4 dxe4 30. Qxe4 Qb6+ 31. Kg2 Qc6 32. Re1 Qxe4+ 33. Rxe4 {[%emt 0:00:15][%mdl 4096] Endgame KRB-KR} Kf8 34. Kf3 Ke7 35. a4 (35. Re1 $142) 35... Rc4 36. axb5 axb5 {[%emt 0:00:04] Strongly threatening ...Rxe4.} 37. Ke3 (37. Re3 $142) 37... Bc5+ 38. Kd3 Rxe4 39. Kxe4 {[%emt 0:00:14] KB-KP} Kd6 40. g4 f5+ 41. Kf3 Kd5 42. b3 Bb6 {[%emt 0:00:17] ( -> ...Ba5)} 43. h3 Ba5 44. b4 Bc7 {[%emt 0:00:04] Weighted Error Value: White=0.92/Black=0.25 (precise)} 0-1

[Event "44th Chess Olympiad Women 2022"]
[Site "Chennai"]
[Date "2022.07.29"]
[Round "1.54"]
[White "Avila Fraire, Ameyalli"]
[Black "Johnson, Nellisha"]
[Result "1-0"]
[ECO "C45"]
[WhiteElo "1907"]
[BlackElo "1093"]
[Annotator "TA"]
[PlyCount "75"]
[EventDate "2022.07.29"]
[EventType "team-tourn"]
[EventCountry "IND"]
[SourceTitle "playchess.com"]
[Source "ChessBase"]
[SourceQuality "1"]
[WhiteTeam "Mexico"]
[BlackTeam "Guyana"]
[WhiteTeamCountry "MEX"]
[BlackTeamCountry "GUY"]
[TimeControl "40/5400+30:1800+30"]

1. e4 e5 2. Nf3 Nc6 3. d4 exd4 4. Nxd4 Nxd4 5. Qxd4 d6 6. Nc3 Nf6 7. Bg5 Be7 8. O-O-O O-O 9. h4 {[%emt 0:02:46] [#] C45: Scotch Game.} h5 $146 ({Black should play} 9... h6 $14) ({Predecessor:} 9... b6 10. Kb1 c5 11. Qd2 Bb7 12. f3 h6 13. Bf4 Ne8 14. Bc4 Qd7 15. g4 Rd8 16. g5 h5 17. g6 Nf6 18. Rhg1 Kh8 19. gxf7 Nh7 20. Qg2 Bf6 21. e5 Bxh4 22. Qxg7# {1-0 (22) Zakrzewski,B (1578)-Lesien,C (1063) Poznan 2021}) 10. Be2 Bg4 11. f3 {[%emt 0:03:36] White is much more active. The black rooks are badly placed. White is better.} Be6 12. g4 c5 (12... hxg4 $16 13. f4 a6) 13. Qe3 $18 {[%emt 0:08:54] aiming for gxh5.} a6 (13... hxg4 $142 14. e5 Ne8) 14. gxh5 ({Much less strong is} 14. e5 Nd7 15. exd6 Bf6 16. Bxf6 (16. gxh5 Bd4 $18) 16... Qxf6 17. gxh5 Rfe8 $18) 14... Nxh5 15. Rdg1 f6 (15... Bf6 {keeps fighting.} 16. f4 Bd4) 16. Bh6 {[%emt 0:00:28] And now f4 would win.} Rf7 (16... Kh7 $142 17. f4 f5 18. Bxh5 gxh6 19. Bg6+ (19. Qg3 Rg8 $16) 19... Kh8 20. Bxf5 Rxf5) 17. f4 Nxf4 18. Qxf4 Kh7 19. Bh5 {[%emt 0:02:27][%cal Oh6g7,Be2h5,Bh5g6,Bg6f5,Bf5e6][%mdl 32] White wants to mate with Bxg7!} gxh6 20. Bg6+ {[%emt 0:00:13][%mdl 64] Deflection} Kg8 21. Bf5+ Kf8 22. Bxe6 Ke8 23. Qxh6 (23. Qf5 $142 Bf8 24. Nd5 Qe7 25. Nxe7 Kxe7 26. Bxf7 Kd8 27. Bd5 Rc8 28. Rg8) 23... Bf8 24. Qh5 Qe7 {[%emt 0:01:57] [#]} 25. Nd5 $1 Bh6+ (25... Qxe6 26. Nc7+) 26. Kb1 Qf8 {[%emt 0:03:59] [#] Prevents Rg8.} 27. Rg8 $3 {[%emt 0:00:46][%mdl 512] White mates.} Qxg8 28. Nxf6+ Ke7 29. Nxg8+ Kxe6 30. Qd5+ Kd7 31. Qxf7+ Kc6 32. Qd5+ Kc7 33. Rf1 Rf8 34. Rxf8 Bxf8 35. Nf6 Be7 36. Qf7 Kd8 37. Qe8+ Kc7 38. Nd5# {[%emt 0:00:07] Black got outplayed after the opening.  Weighted Error Value: White=0.05 (flawless) /Black=0.96} 1-0

[Event "44th Chess Olympiad Women 2022"]
[Site "Chennai"]
[Date "2022.07.29"]
[Round "1.54"]
[White "Shariff, Sasha Christina"]
[Black "Guillen Cristobal, Sandra N"]
[Result "0-1"]
[ECO "B38"]
[WhiteElo "1183"]
[BlackElo "1962"]
[Annotator "TA"]
[PlyCount "86"]
[EventDate "2022.07.29"]
[EventType "team-tourn"]
[EventCountry "IND"]
[SourceTitle "playchess.com"]
[Source "ChessBase"]
[SourceQuality "1"]
[WhiteTeam "Guyana"]
[BlackTeam "Mexico"]
[WhiteTeamCountry "GUY"]
[BlackTeamCountry "MEX"]
[TimeControl "40/5400+30:1800+30"]

1. e4 c5 2. Nf3 Nc6 3. d4 cxd4 4. Nxd4 g6 5. c4 Bg7 6. Be3 Nf6 7. Nc3 d6 8. Be2 O-O 9. O-O Bd7 10. b3 {[%emt 0:06:22] B38: Sicilian: Maroczy Bind with 5...Bg7 and 7...0-0.} a5 {[%emt 0:00:38][%cal Oa5a4] [#]} 11. Nd5 $146 (11. Ndb5 $16) ({Predecessor:} 11. Rc1 Nxd4 12. Bxd4 Bc6 13. f3 Nd7 14. Bxg7 Kxg7 15. Nd5 Bxd5 16. exd5 Qb6+ 17. Kh1 a4 18. bxa4 Nc5 19. Qd4+ Kg8 20. Rb1 Qc7 21. f4 Rxa4 {0-1 (37) Ichimura G Barbosa,L (2007)-Samani,Y (2246) Chess.com INT 2021}) 11... Nxe4 $15 {[%emt 0:00:24] Hoping for ...e6.} 12. f3 {[%emt 0:00:59] Black is slightly better.} Nf6 13. Nxf6+ Bxf6 14. Rb1 Qb6 15. Nc2 Qc7 {[%emt 0:00:14] Black is more active.} 16. Qd2 Rfc8 (16... Bf5 $142 $1 {[%cal Oc6b4] Strongly threatening ...Nb4!} 17. Rbc1 a4) 17. Bg5 ({Better is} 17. Bf2) 17... Bh8 ({Black should try} 17... Bxg5 $17 18. Qxg5 Bf5) 18. h4 (18. Ne3 $15) 18... Bf5 $17 19. Bd3 Bxd3 20. Qxd3 Ne5 21. Qe4 (21. Qd2 $17) 21... e6 (21... b5 $1 $19 22. f4 Qc5+ 23. Kh1 Ng4) 22. Nd4 Qc5 23. Be3 $2 {[%emt 0:09:25][%mdl 8192] [#]} (23. Rfd1 $17) 23... f5 $2 (23... d5 $1 $19 24. Qc2 {[#]} Nxc4 $1 25. bxc4 Bxd4 26. Bxd4 Qxd4+ 27. Qf2 Rxc4 28. Qxd4 Rxd4) 24. Qxb7 {[%emt 0:04:20][%cal Od4f5] Threatens to win with Nxf5!} Nxf3+ 25. Qxf3 Bxd4 26. Bxd4 (26. Rbe1 $142) 26... Qxd4+ 27. Qf2 Qxf2+ 28. Rxf2 $19 {[%emt 0:00:08][%mdl 4096] Endgame KRR-KRR} Kf7 29. Rd2 Ra6 30. Rc1 Ke7 31. Kf2 Rb6 32. Rb2 Rbc6 33. Rbc2 Rb8 34. Rb1 (34. Rc3 {was necessary.}) 34... d5 35. c5 $2 (35. Rd1 {was called for.}) 35... Rb5 36. Rbc1 e5 37. g3 Ke6 38. Kf3 d4 39. Rc4 Kd5 40. R4c2 Rbxc5 41. Rxc5+ Rxc5 42. Rxc5+ Kxc5 43. a3 h5 {[%emt 0:01:27] Weighted Error Value: White=0.91/Black=0.23 (precise)} 0-1

[Event "44th Chess Olympiad Women 2022"]
[Site "Chennai"]
[Date "2022.07.29"]
[Round "1.55"]
[White "Liu, Yang Hazel"]
[Black "Makda Araya Fessehaye"]
[Result "1-0"]
[ECO "A43"]
[WhiteElo "2046"]
[BlackElo "1242"]
[Annotator "TA"]
[PlyCount "57"]
[EventDate "2022.07.29"]
[EventType "team-tourn"]
[EventCountry "IND"]
[SourceTitle "playchess.com"]
[Source "ChessBase"]
[SourceQuality "1"]
[WhiteTeam "SGP"]
[BlackTeam "Eritrea"]
[BlackTeamCountry "ERI"]
[TimeControl "40/5400+30:1800+30"]

1. d4 c5 2. d5 d6 3. e4 Nf6 4. Nc3 g6 5. h3 {[%emt 0:03:58] [#]} Qa5 $146 ({Predecessor:} 5... Bg7 6. Nf3 O-O 7. Bd3 Na6 8. O-O Nc7 9. a4 b6 10. Qe2 a6 11. Bf4 Bb7 12. Rfe1 Qd7 13. Nd2 Rab8 14. Nc4 Ba8 15. a5 b5 {0-1 (53) Donchenko,A (2636)-Brodowski,P (2443) Katowice 2021}) 6. Bd2 {[%emt 0:03:57] A43: Schmid Benoni.} Bg7 7. Bd3 a6 8. a4 {[%emt 0:01:05][%cal Ba2a4,Ba4a5][%mdl 32] White is slightly better.} Qb6 9. a5 Qc7 10. Nf3 Bd7 11. Qe2 O-O 12. O-O Bc8 (12... e6 $142) 13. Bf4 Nbd7 14. Nd2 {[%emt 0:11:49] 0x0.001b83fa9117dp-1022s more active pieces. The black rooks are badly placed.} (14. Qe3 $142) 14... Nh5 15. Bh2 Ne5 16. f4 Nxd3 17. Qxd3 b6 18. axb6 Qxb6 {[%emt 0:01:20] [#] White must now prevent ...c4+.} 19. Nc4 Qc7 20. e5 {[%emt 0:01:21] And now g4 would win.} dxe5 $2 {[%emt 0:06:27] A mistake that costs the game.} (20... f5 $16 {was called for.}) 21. fxe5 $18 Bf5 (21... g5 {keeps fighting.} 22. Ne4 h6 23. Nf6+ exf6) 22. Qd1 Bd7 23. e6 {[%emt 0:11:10] White is clearly winning.} Ng3 24. Bxg3 ({But not} 24. exd7 Bd4+ 25. Rf2 Bxf2+ 26. Kxf2 Qf4+ 27. Kg1 Ra7 $18) 24... Qxg3 25. exd7 Bd4+ (25... Rad8 $142 26. d6 Bd4+ 27. Kh1 Rxd7) 26. Kh1 Qc7 27. Qf3 Rad8 28. Rxa6 Rxd7 29. Nb5 {[%emt 0:03:42] Weighted Error Value: White=0.20 (precise) /Black=0.44} 1-0

[Event "44th Chess Olympiad Women 2022"]
[Site "Chennai"]
[Date "2022.07.29"]
[Round "1.56"]
[White "Mills, Morgen"]
[Black "Esse, Akua Kosife"]
[Result "1-0"]
[WhiteElo "1993"]
[BlackElo "1329"]
[Annotator "TA"]
[PlyCount "33"]
[EventDate "2022.07.29"]
[EventType "team-tourn"]
[EventCountry "IND"]
[SourceTitle "playchess.com"]
[Source "ChessBase"]
[SourceQuality "1"]
[WhiteTeam "Canada"]
[BlackTeam "Togo"]
[WhiteTeamCountry "CAN"]
[BlackTeamCountry "TOG"]
[TimeControl "40/5400+30:1800+30"]

1. e4 e5 2. Nf3 Nc6 3. Bb5 a6 4. Bxc6 dxc6 5. O-O Bd6 6. d4 f6 {[%emt 0:02:17] [#] C68: Ruy Lopez: Exchange Variation, sidelines.} (6... exd4 $11 {remains equal.} 7. Qxd4 f6) {Predecessor:} 7. dxe5 $146 fxe5 8. Nxe5 Ne7 9. Qh5+ g6 10. Qg5 O-O 11. Nd3 b6 12. Nc3 a5 13. Rd1 Qe8 14. a3 Ba6 15. e5 Rf5 16. Qe3 Rxe5 17. Nxe5 {1-0 (32) Valmana Canto,J (2388)-Granero Roca,A (2358) Alcossebre 2022} 1-0

[Event "44th Chess Olympiad Women 2022"]
[Site "Chennai"]
[Date "2022.07.29"]
[Round "1.56"]
[White "De Souza, Ivana Claudia Eyram"]
[Black "Demchenko, Svitlana"]
[Result "0-1"]
[ECO "E61"]
[WhiteElo "1167"]
[BlackElo "2122"]
[Annotator "TA"]
[PlyCount "60"]
[EventDate "2022.07.29"]
[EventType "team-tourn"]
[EventCountry "IND"]
[SourceTitle "playchess.com"]
[Source "ChessBase"]
[SourceQuality "1"]
[WhiteTeam "Togo"]
[BlackTeam "Canada"]
[WhiteTeamCountry "TOG"]
[BlackTeamCountry "CAN"]
[TimeControl "40/5400+30:1800+30"]

1. d4 g6 2. c4 Bg7 3. e3 d6 4. Nf3 Nf6 5. Nc3 O-O 6. Be2 Nbd7 7. O-O e5 8. Qc2 c6 9. b3 Qc7 {[%emt 0:03:06] E61: King's Indian: Early deviations for White, including Smyslov System.} 10. Bb2 Re8 11. Bd3 Nh5 {[%emt 0:04:53] [#] The position is equal.} 12. Nd2 $146 (12. Rfd1 {was preferrable.}) ({Predecessor:} 12. d5 f5 13. e4 Nc5 14. Rfe1 Nf4 15. Bf1 Bh6 16. g3 fxe4 17. gxf4 exf3 18. fxe5 dxe5 {½-½ (61) Zacarias,R (2065)-Vilalba,G (1906) Tijuca 2012}) 12... f5 (12... exd4 {seems wilder.} 13. exd4 Nf4 14. Rfe1 Rd8) 13. dxe5 dxe5 14. f3 Nc5 15. Be2 a5 16. a4 (16. Ba3 $11 Bf8 17. Na4 Nxa4 18. Bxf8) 16... Qb6 (16... Nf6 {feels hotter.} 17. Nd1 e4 18. Bd4 exf3 19. Bxf3 Ng4) 17. Kh1 Qd8 {[%emt 0:05:38] Black is more active.} 18. f4 exf4 19. Bxh5 $2 (19. exf4 $17 Nf6 20. Rae1) 19... fxe3 $19 (19... gxh5 20. exf4 Qd3 21. Rac1 $17) 20. Nf3 Qd3 {[%emt 0:04:46][%mdl 64] [#] Deflection} ({Avoid the trap} 20... gxh5 $2 21. Ne2 $19) 21. Qc1 ({Stronger than} 21. Qxd3 Nxd3 22. Nd5 Bxb2 $19) 21... Nxb3 {[%emt 0:01:20] Black is clearly winning.} ({Not} 21... gxh5 22. Rd1 f4 23. Rxd3 Nxd3 24. Qc2 $11) 22. Qd1 (22. Qb1 $142 Qxc4 23. Ra3) 22... Qxd1 23. Rfxd1 Nxa1 24. Bxa1 gxh5 25. Re1 f4 26. Ne2 Re4 27. Bxg7 Kxg7 28. g3 Bg4 29. Kg2 fxg3 30. Nxg3 {[%emt 0:00:58] [#]} Rf8 $1 {[%emt 0:00:59] White got outplayed after the opening.  Weighted Error Value: White=0.73/Black=0.10 (very precise)} 0-1

[Event "44th Chess Olympiad Women 2022"]
[Site "Chennai"]
[Date "2022.07.29"]
[Round "1.57"]
[White "Pinder, Trinity"]
[Black "Morales Flores, Monserrat"]
[Result "0-1"]
[WhiteElo "1183"]
[BlackElo "1946"]
[Annotator "TA"]
[PlyCount "31"]
[EventDate "2022.07.29"]
[EventType "team-tourn"]
[EventCountry "IND"]
[SourceTitle "playchess.com"]
[Source "ChessBase"]
[SourceQuality "1"]
[WhiteTeam "Bahamas"]
[BlackTeam "Chile"]
[WhiteTeamCountry "BAH"]
[BlackTeamCountry "CHI"]
[TimeControl "40/5400+30:1800+30"]

1. d4 Nf6 2. c4 g6 3. Nc3 Bg7 4. Nf3 O-O 5. e3 d6 6. Bd3 Nbd7 7. O-O e5 {[%emt 0:05:26][%mdl 32768] [#] Loss on time!?} {Predecessor:} 8. Qc2 $146 {E61: King's Indian: Early deviations for White, including Smyslov System.} Re8 9. dxe5 dxe5 10. Rd1 Qe7 11. e4 c6 12. h3 Nc5 13. Be3 Nh5 14. Bf1 a5 15. g3 Nf6 16. Rd2 {½-½ (68) Timofeev,A (2594)-Hansen,S (2528) Chess.com INT 2021} 0-1

[Event "44th Chess Olympiad Women 2022"]
[Site "Chennai"]
[Date "2022.07.29"]
[Round "1.58"]
[White "Varela La Madrid, Tilsia Carolina"]
[Black "Magne Kouokam Sylviane"]
[Result "1-0"]
[WhiteElo "2079"]
[BlackElo "1317"]
[Annotator "TA"]
[PlyCount "13"]
[EventDate "2022.07.29"]
[EventType "team-tourn"]
[EventCountry "IND"]
[SourceTitle "playchess.com"]
[Source "ChessBase"]
[SourceQuality "1"]
[WhiteTeam "Venezuela"]
[BlackTeam "CMR"]
[WhiteTeamCountry "VEN"]
[TimeControl "40/5400+30:1800+30"]

1. e4 d5 2. exd5 Nf6 3. Bb5+ Bd7 4. Bc4 Bf5 5. Nc3 g6 6. Nge2 {[%emt 0:04:33] B01: Scandinavian Defence.} Bg7 {[%emt 0:02:11] [#]} 7. d4 $146 ({Predecessor:} 7. Ng3 Qd7 8. Bb5 c6 9. dxc6 bxc6 10. Nxf5 gxf5 11. Be2 e5 12. d3 O-O 13. Bg5 {½-½ (48) Ackermann,H (2358)-Fecke,A (2200) Germany 2005}) 1-0

[Event "44th Chess Olympiad Women 2022"]
[Site "Chennai"]
[Date "2022.07.29"]
[Round "1.58"]
[White "Tchouateu Tankeu Stephanie"]
[Black "Otazo Sanchez, Annyd Gabriela"]
[Result "0-1"]
[ECO "E61"]
[WhiteElo "1280"]
[BlackElo "1932"]
[Annotator "TA"]
[PlyCount "72"]
[EventDate "2022.07.29"]
[EventType "team-tourn"]
[EventCountry "IND"]
[SourceTitle "playchess.com"]
[Source "ChessBase"]
[SourceQuality "1"]
[WhiteTeam "CMR"]
[BlackTeam "Venezuela"]
[BlackTeamCountry "VEN"]
[TimeControl "40/5400+30:1800+30"]

1. d4 Nf6 2. c4 g6 3. Nc3 Bg7 4. Nf3 O-O 5. Bf4 d6 6. e3 Nh5 7. Bd3 {[%emt 0:06:56] E61: King's Indian: Early deviations for White, including Smyslov System.} (7. Bg5 $11 {should be considered.}) 7... Nxf4 $15 8. exf4 c5 {[%emt 0:00:14] [#]} 9. Ne2 $146 (9. d5 $11) ({Predecessor:} 9. d5 Qa5 10. Qc2 Na6 11. a3 Nb4 12. Qe2 Nxd3+ 13. Qxd3 Bf5 14. Qd2 a6 15. O-O {0-1 (28) Van Riemsdijk,M (1774)-Baccarin,N (1926) Rio Claro 2015}) 9... cxd4 10. Nexd4 Qb6 11. Qe2 $2 {[%emt 0:03:29][%mdl 8192] [#]} Bxd4 $19 12. Nxd4 Qxd4 13. O-O Nc6 14. Rad1 Qxf4 15. g3 Qf6 16. Be4 Bh3 17. Bg2 Bxg2 18. Kxg2 Nd4 19. Qe4 e5 20. Qxb7 Rab8 21. Qe4 Rxb2 22. a4 Rfb8 23. Rd3 Re2 24. Re3 Rbb2 25. Rxe2 Rxe2 26. Qxe2 Nxe2 27. Re1 Nd4 {[%emt 0:00:09] Black mates.} 28. Re3 Qe6 29. Rc3 h5 30. h4 Qd7 31. a5 Qb7+ 32. Kg1 Ne2+ 33. Kf1 Nxc3 34. Ke1 Qb2 35. Kf1 Ne4 36. Ke1 Qd2+ {[%emt 0:00:07] Black took control after the opening.  Weighted Error Value: White=1.08/Black=0.03 (flawless)} 0-1